 Dungeon Crawl Stone Soup version 0.32-a0-576-g706899e69d (webtiles) character file.

Game seed: 6939457063393091052

1605 Sabo the Cleaver (level 8, -3/61 HPs)
             Began as a Coglin Gladiator on Feb 28, 2024.
             Was an Initiate of Ashenzari.
             Slain by a cyclops (10 damage)
             ... on level 7 of the Dungeon on Mar 1, 2024.
             The game lasted 00:30:00 (6276 turns).

Sabo the Cleaver (Coglin Gladiator)                 Turns: 6276, Time: 00:30:01

Health: -3/61      AC: 15    Str: 16    XL:     8   Next: 94%
Magic:  8/8        EV:  6    Int:  8    God:    Ashenzari [......]
Gold:   197        SH:  0    Dex: 16    Spells: 7/7 levels left

rFire   + . .        a - +0 war axe {Juan}
rCold   + . .        l - +0 hand axe {Yvonne}
rNeg    . . .        L - +0 plate armour
rPois   .            p - +0 helmet
rElec   .            E - scarf {rC+ rF+}
rCorr   .            x - +0 pair of gloves
SInv    .            B - +0 pair of boots
Will    .....        (amulet unavailable) Stlth
                     (ring unavailable)
HPRegen 0.30/turn    (ring unavailable)
MPRegen 0.11/turn    (no gizmo)

%: no passive effects
@: revved
A: off-hand wielding, slow wielding, warmup strikes, no jewellery
a: Invent Gizmo, Renounce Religion, Curse Item


You were on level 7 of the Dungeon.
You worshipped Ashenzari.
Ashenzari was noncommittal.
You visited 1 branch of the dungeon, and saw 7 of its levels.

You collected 252 gold pieces.
You spent 55 gold pieces at shops.

Inventory:

Hand Weapons
 a - a +0 war axe (weapon) {Juan}
 g - a +0 scythe of protection
 l - a +0 hand axe (offhand) {Yvonne}
 K - a +0 sling
Missiles
 d - 3 throwing nets (quivered)
 e - a javelin
 m - 22 poisoned darts
Armour
 h - a +0 chain mail
 p - a +0 helmet (worn)
 x - a +0 pair of gloves (worn)
 B - a +0 pair of boots (worn)
 E - a scarf of resistance (worn)
 L - a +0 plate armour (worn)
Talismans
 n - a flux talisman
 D - a dragon-blood talisman
Wands
 v - a wand of flame (8)
 y - a wand of mindburst (16)
 G - a wand of digging (2)
Scrolls
 c - a scroll of enchant weapon {unknown}
 f - a scroll of fear
 i - a scroll of teleportation
 q - a scroll of fog
 t - 2 scrolls of blinking
 z - 3 scrolls of poison
 A - 2 scrolls of summoning
 H - a scroll of silence
Potions
 b - 3 potions of heal wounds
 j - 2 potions of resistance {unknown}
 k - a potion of might {unknown}
 o - 4 potions of enlightenment {unknown}
 r - a potion of lignification {unknown}
 s - a potion of invisibility {unknown}
 u - 4 potions of curing
 w - a potion of ambrosia {unknown}
 C - a potion of mutation {unknown}
 F - a potion of haste {unknown}
 I - a potion of brilliance
 J - a potion of attraction {unknown}


   Skills:
 + Level 4.8 Fighting
 + Level 8.1 Axes
 + Level 0.3(4.6) Maces & Flails
 + Level 1.7 Throwing
 + Level 4.9 Armour
 + Level 3.8 Dodging
 + Level 0.7 Stealth


You had 7 spell levels left.
You didn't know any spells.
Your spell library contained the following spells:

 Spells                   Type           Power      Damage    Failure   Level
 Magic Dart               Conj           0%         1d3       100%        1
 Shock                    Conj/Air       0%         1d3       100%        1
 Blink                    Tloc           0%         N/A       100%        2
 Call Imp                 Summ           0%         N/A       100%        2
 Swiftness                Air            0%         N/A       100%        3
 Volatile Blastmotes      Fire/Tloc      0%         2d10      100%        3
 Airstrike                Air            0%         2d(0-16)  100%        4
 Fulminant Prism          Conj/Alch      0%         3d5       100%        4
 Iskenderun's Mystic Bla  Conj/Tloc      0%         2d3       100%        4


Dungeon Overview and Level Annotations

Branches:
Dungeon (7/15)
 Temple: D:4-7

Altars:
Ashenzari
Dithmenos
Uskayaw

Shops:
D:6 !


Innate Abilities, Weirdness & Mutations

You can wield a second weapon in your off-hand.
It takes a long time for you to wield or remove held weapons.
Your first few attacks do less damage.
You cannot equip rings or amulets.


Message History

You hit the cyclops with your +0 hand axe.
You miss something with your +0 hand axe.
You feel less confused. The cyclops hits you!
Something hits you but does no damage.
You barely miss the cyclops with your +0 hand axe.
The cyclops is lightly wounded.
You barely miss something with your +0 hand axe.
You barely miss the cyclops with your +0 war axe.
You hit something with your +0 war axe. The cyclops barely misses you.
Something hits you but does no damage.
You hit the cyclops with your +0 hand axe.
The cyclops is lightly wounded.
You hit something but do no damage.
You hit the cyclops with your +0 war axe.
You slash something with your +0 war axe!
Something hits you but does no damage.
You hit the cyclops but do no damage.
The cyclops is lightly wounded.
You closely miss something with your +0 war axe.
You barely miss the cyclops with your +0 hand axe.
You hit something with your +0 hand axe.
Reactivating autopickup.
You feel a bit more experienced.
The cyclops hits you but does no damage.
You hit the cyclops but do no damage.
The cyclops is lightly wounded.
You hit the cyclops but do no damage. The cyclops hits you!!
* * * LOW HITPOINT WARNING * * *
You hit the cyclops with your +0 hand axe.
The cyclops is lightly wounded.
You slash the cyclops with your +0 war axe!
The cyclops hits you but does no damage.
You barely miss the cyclops with your +0 war axe.
The cyclops is moderately wounded.
You hit the cyclops with your +0 hand axe.
You hit the cyclops with your +0 war axe.
The cyclops is heavily wounded.
You hit the cyclops with your +0 hand axe.
The cyclops hits you!
You die...

..... .%......#
....♣[[♣.......#
..$.............#
.......)........#
.....♣..♣.......#
................#
........)C......#
###
.........@.....#
#.#
..............##
#.#
#............##
#.#
##..........##
#.# ##........##
# #.#
####''#####.# #.#
#.........#
####.###
#....#.####
.......# ###....#


You could see a cyclops.

Vanquished Creatures
  Sigmund (D:2)
  A water moccasin (D:6)
  A sky beast (D:6)
  An ogre (D:5)
  A phantom (D:6)
  A kobold brigand (D:7)
  5 scorpions
  A jelly (D:5)
  A howler monkey (D:4)
  A bombardier beetle (D:3)
  2 hounds
  A sleepcap (D:6)
  An orc priest (D:5)
  Natasha (thrice) (D:3)
  4 iguanas
  Ijyb (D:3)
  Terence (D:2)
  3 orc wizards
  Robin (D:2)
  5 adders
  2 white imps
  2 ufetubi (D:6)
  4 dart slugs
  5 ribbon worms
  4 orcs
  7 endoplasms
  5 giant cockroaches
  7 goblins
  9 hobgoblins
  3 jackals (D:3)
  10 kobolds
  A quokka (D:3)
  9 ball pythons
  2 bats
  A frilled lizard (D:2)
  7 rats
114 creatures vanquished.

Notes
Turn   | Place    | Note
-------+----------+-------------------------------------------
     0 | D:1      | Sabo the Coglin Gladiator began the quest for the Orb.
     0 | D:1      | Reached XP level 1. HP: 16/16 MP: 1/1
   161 | D:1      | Reached XP level 2. HP: 16/22 MP: 2/2
   615 | D:1      | Reached XP level 3. HP: 25/28 MP: 3/3
  1127 | D:2      | Noticed Robin
  1136 | D:2      | Killed Robin
  1195 | D:2      | Noticed Terence
  1207 | D:2      | Killed Terence
  1208 | D:2      | Reached skill level 1 in Armour
  1208 | D:2      | Reached XP level 4. HP: 21/34 MP: 4/4
  1355 | D:2      | Noticed Sigmund
  1365 | D:2      | Killed Sigmund
  1366 | D:2      | Reached skill level 4 in Axes
  1366 | D:2      | Reached XP level 5. HP: 27/41 MP: 5/5
  1366 | D:2      | Reached XP level 6. HP: 31/47 MP: 6/6
  2237 | D:3      | Noticed Ijyb
  2258 | D:3      | Killed Ijyb
  2259 | D:3      | Reached skill level 5 in Axes
  2532 | D:3      | Noticed Natasha
  2537 | D:3      | Killed Natasha
  2723 | D:3      | Noticed Natasha
  2730 | D:3      | Killed Natasha
  2739 | D:3      | Noticed Natasha
  2743 | D:3      | Killed Natasha
  2935 | D:4      | Reached XP level 7. HP: 51/52 MP: 7/7
  3053 | D:4      | Reached skill level 6 in Axes
  3807 | D:5      | Entered Level 5 of the Dungeon
  4252 | D:5      | Reached XP level 8. HP: 5/60 MP: 8/8
  4257 | D:5      | Reached skill level 7 in Axes
  4434 | D:5      | Found a broken altar of Ashenzari.
  4616 | D:5      | Became a worshipper of Ashenzari the Shackled
  5003 | D:5      | Upgraded the game from 0.32-a0-540-g866d13106e to
                  | 0.32-a0-576-g706899e69d
  5092 | D:6      | Found a hide-covered altar of Uskayaw.
  5107 | D:6      | Found a shadowy altar of Dithmenos.
  5744 | D:6      | Found Egawocipp's Distillery.
  5753 | D:6      | Bought a potion of heal wounds for 55 gold pieces
  5894 | D:6      | Reached skill level 8 in Axes
  6258 | D:7      | Noticed a cyclops
  6276 | D:7      | Slain by a cyclops

Illustrated notes

Levels and vault maps discovered:
D:1:      dpeg_arrival_round_c, layout_loops_corners
D:2:      layout_loops_ring, uniq_terence, uniq_robin, uniq_sigmund
D:3:      layout_loops_cross, hellmonk_ecumenical_altar_leap_of_faith,
          serial_glass, glass_columns_b, glass_columns_a, feat_on_display,
          minmay_strange_pillars, item_on_display_a, uniq_natasha, uniq_ijyb
D:4:      layout_loops_ring, st_stairs_9
D:5:      layout_basic, nicolae_ashenzari_panopticon
D:6:      layout_loops_ring, mainiacjoe_overflow_catwalk_spiral, serial_shops,
          nicolae_shop_industrial_runoff, serial_park_tiny_pond,
          minmay_misc_feat_ornament
D:7:      kennysheep_big_flooded_room, layout_loops_corners, temple_statues,
          uniq_pikel

Skill      XL: |  1  2  3  4  5  6  7  8 |
---------------+-------------------------+-----
Dodging        | 3 |  3.8
Armour         | 1 2 3 4 |  4.9
Fighting       | 3 4 |  4.8
Axes           | 4 5 6 8 |  8.1
Maces & Flails | |  0.3
Throwing       | |  1.7
Stealth        | |  0.7

Action                     |  1- 3 |  4- 6 |  7- 9 || total
---------------------------+-------+-------+-------++-------
  Melee: War axe           |    63 |    83 |   156 ||   302
         Club              |    19 |       |       ||    19
         Hand axe          |    26 |    75 |   155 ||   256
    Use: Scroll            |       |     5 |     7 ||    12
         Potion            |       |       |     2 ||     2
 Armour: Leather armour    |     6 |       |       ||     6
         Ring mail         |    28 |     4 |       ||    32
         Scale mail        |       |    61 |    64 ||   125
         Chain mail        |       |       |    71 ||    71
         Plate armour      |       |       |    11 ||    11
  Dodge: Dodged            |    34 |    31 |    88 ||   153

Table legend: (Time is in decaauts)
 A = Elapsed time spent in this place.
 B = Non-inter-level travel time spent in this place.
 C = Inter-level travel time spent in this place.
 D = Time resting spent in this place.
 E = Time spent auto-exploring this place.
 F = Levels seen in this place.
 G = Mean time per level.
                   A        B        C        D        E       F      G
               +--------+--------+--------+--------+--------+-----+--------+
         Total |   6313 |   6313 |      0 |   1064 |      0 |   7 |  901.9 |
       Dungeon |   6313 |   6313 |      0 |   1064 |      0 |   7 |  901.9 |
               +--------+--------+--------+--------+--------+-----+--------+

Top non-repeatable levels by time:
     D:5: 1210 daAuts
     D:6: 1113 daAuts
     D:2: 1041 daAuts
     D:1: 994 daAuts
     D:4: 913 daAuts
     D:3: 890 daAuts
     D:7: 148 daAuts
